 Dungeon Crawl Stone Soup version 0.27-a0-1200-g94dc6ad4cf (webtiles) character file.

Game seed: 1554816028430153562

181 reriks the Shield-Bearer (level 5, -2/43 HPs)
             Began as a Formicid Fighter on June 1, 2021.
             Was a Follower of Okawaru.
             Succumbed to a water moccasin's poison
             ... on level 4 of the Dungeon.
             The game lasted 00:03:31 (3922 turns).

reriks the Shield-Bearer (Formicid Fighter)         Turns: 3922, Time: 00:03:32

Health: -2/43      AC:  7    Str: 21    XL:     5   Next: 92%
Magic:  5/5        EV:  8    Int:  8    God:    Okawaru [*.....]
Gold:   146        SH: 10    Dex: 10    Spells: 4/4 levels left

rFire    . . .     SeeInvis +   a - +0 long sword
rCold    . . .     Faith    .   c - +1 kite shield
rNeg     . . .     Spirit   .   b - +0 scale mail
rPois    .         Reflect  .   (helmet unavailable)
rElec    .         Harm     .   (no cloak)
rCorr    .         Rampage  .   (no gloves)
Will     .....                  (no boots)
Stlth    ..........             (no amulet)
HPRegen  0.14/turn              (no ring)
MPRegen  0.09/turn              (no ring)

@: lethally poisoned (-2 -> -29), invisible
A: permanent stasis, dig shafts and tunnels, antennae 3, four strong arms
a: Dig, Shaft Self, Renounce Religion, Heroism


You were on level 4 of the Dungeon.
You worshipped Okawaru.
Okawaru was aware of your devotion.
You visited 1 branch of the dungeon, and saw 4 of its levels.

You collected 146 gold pieces.

Inventory:

Hand Weapons
 a - a +0 long sword (weapon)
Armour
 b - a +0 scale mail (worn)
 c - a +1 kite shield (worn)
Jewellery
 o - a ring of ice
Wands
 g - a wand of polymorph (9)
Scrolls
 h - a scroll of summoning
 i - a scroll of brand weapon
 j - 5 scrolls of fog
 n - a scroll of enchant armour
Potions
 d - 3 potions of might
 e - 2 potions of resistance
 f - 2 potions of invisibility
 k - a potion of degeneration
 l - a potion of berserk rage {unknown}
 m - 2 potions of lignification {unknown}


   Skills:
 + Level 4.4 Fighting
 + Level 3.2 Long Blades
 + Level 4.4 Armour
 + Level 4.8 Shields


You had 4 spell levels left.
You didn't know any spells.
Your spell library was empty.

Dungeon Overview and Level Annotations

Branches:
Dungeon (4/15)
 Temple: D:4-7

Altars:
Elyvilon
Fedhas
Okawaru
Zin

Shops:
D:4 *

Annotations:
D:3 2 transporters, MudFish's ghost, amateur DrTm


Innate Abilities, Weirdness & Mutations

You cannot be hasted, slowed, berserked, paralysed or teleported.
You can dig through walls and to a lower floor.
You have a pair of large antennae on your head. (SInv)
Your four strong arms can wield two-handed weapons with a shield.


Message History

You are too injured to fight recklessly!
You are too injured to fight recklessly!
You are too injured to fight recklessly!
You are too injured to fight recklessly!
You slash the adder!
You kill the adder!
Okawaru accepts your kill. You block the water moccasin's attack.
The ball python bites you but does no damage.
The ball python grabs you. The ball python constricts you.
You block the water moccasin's attack.
You hit the ball python.
You kill the ball python!
Okawaru accepts your kill. You block the water moccasin's attack.
You hit the ball python.
The ball python is moderately wounded.
The water moccasin bites you but does no damage.
The ball python completely misses you. You block the ball python's attack.
The water moccasin bites you but does no damage.
The ball python bites you but does no damage.
The ball python grabs you. The ball python constricts you.
You barely miss the ball python.
The ball python is moderately wounded.
The water moccasin bites you. You block the ball python's attack.
The ball python constricts you. The water moccasin bites you.
You are lethally poisoned!
The water moccasin poisons you! The ball python barely misses you.
The ball python constricts you.
You hit the ball python.
You kill the ball python!
Okawaru accepts your kill.
* * * LOW HITPOINT WARNING * * *
You feel very sick. You block the water moccasin's attack.
The water moccasin bites you.
* * * LOW HITPOINT WARNING * * *
You are more poisoned.
The water moccasin poisons you!
You fade into invisibility!
You die...

.....# #.#
####.## #.#
#+# #.# #.#
#.#########
#.#.......#
#####.†!.##
#)..#S....##.
+.∩.†@.......#
#...###..#####
### ..# ..#
.## ##


You could see a water moccasin.

Vanquished Creatures
  Jessica (D:3)
  A hound skeleton (D:4)
  8 adders
  An adder skeleton (D:2)
  2 worms
  An orc (D:4)
  7 ball pythons
  2 endoplasms
  2 giant cockroaches
  4 goblins
  8 hobgoblins
  8 bats
  A frilled lizard (D:1)
  11 kobolds
  6 rats
63 creatures vanquished.

Notes
Turn   | Place    | Note
-------+----------+-------------------------------------------
     0 | D:1      | reriks the Formicid Fighter began the quest for the Orb.
     0 | D:1      | Reached XP level 1. HP: 18/18 MP: 1/1
   228 | D:1      | Reached XP level 2. HP: 24/24 MP: 2/2
   302 | D:1      | Found a faded altar of an unknown god.
   465 | D:1      | Became a worshipper of Warmaster Okawaru
   465 | D:1      | Reached * piety under Okawaru
  1420 | D:2      | Reached XP level 3. HP: 25/29 MP: 3/3
  1911 | D:2      | Reached XP level 4. HP: 27/37 MP: 4/4
  2150 | D:3      | Found a transporter.
  2156 | D:3      | Found a transporter.
  2423 | D:3      | Noticed MudFish's ghost (amateur DrTm)
  2449 | D:3      | Noticed Jessica
  2466 | D:3      | Killed Jessica
  2467 | D:3      | Reached XP level 5. HP: 20/42 MP: 5/5
  3083 | D:3      | Found a white marble altar of Elyvilon.
  3262 | D:3      | Found a glowing silver altar of Zin.
  3269 | D:3      | Found a blossoming altar of Fedhas.
  3909 | D:4      | Found Ciujick's Serpentskin Sales.
  3909 | D:4      | Noticed a water moccasin
  3922 | D:4      | Succumbed to a water moccasin's poison

Illustrated notes

Levels and vault maps discovered:
D:1:      nicolae_arrival_memento_mori, layout_basic,
          ebering_ecumenical_altar_hall
D:2:      layout_basic, chequers_avenue
D:3:      layout_basic, lemuel_round_altar, amethyst_overflow_temple_binary,
          gammafunk_ghost_stat_death, minmay_goblin_kobold_house, uniq_jessica
D:4:      layout_loops_corners, nicolae_ossuary_entry_plus, guppyfry_shop_venom,
          uniq_menkaure

Skill      XL: |  1  2  3  4  5 |
---------------+----------------+-----
Shields        | 4 |  4.8
Fighting       | 4 |  4.4
Armour         | 4 |  4.4
Long Blades    | 3 |  3.2

Action                   |  1- 3 |  4- 6 || total
-------------------------+-------+-------++-------
Melee: Long sword        |    89 |   113 ||   202
Invok: Heroism           |       |     1 ||     1
  Use: Scroll            |       |     9 ||     9
       Potion            |       |     1 ||     1
Armor: Scale mail        |    47 |    43 ||    90
Dodge: Dodged            |    44 |    29 ||    73
Block: Kite shield       |    57 |    63 ||   120
       Rpst.: Long sword |    14 |    10 ||    24

Table legend: (Time is in decaauts)
 A = Elapsed time spent in this place.
 B = Non-inter-level travel time spent in this place.
 C = Inter-level travel time spent in this place.
 D = Time resting spent in this place.
 E = Time spent auto-exploring this place.
 F = Levels seen in this place.
 G = Mean time per level.
                   A        B        C        D        E       F      G
               +--------+--------+--------+--------+--------+-----+--------+
         Total |   4004 |   3871 |    133 |    644 |   2732 |   4 | 1001.0 |
       Dungeon |   4004 |   3871 |    133 |    644 |   2732 |   4 | 1001.0 |
               +--------+--------+--------+--------+--------+-----+--------+

Top non-repeatable levels by time:
     D:3: 1354 daAuts
     D:1: 1352 daAuts
     D:2: 822 daAuts
     D:4: 474 daAuts
